 Dungeon Crawl Stone Soup version 0.26.1-2-gb8aa6d0cf2 (webtiles) character file.

Game seed: 2502900398586434203

1059 Phaedo the Covert (level 8, -4/52 HPs)
             Began as an Octopode Delver on Mar 29, 2021.
             Was a Follower of Nemelex Xobeh.
             Slain by an ice beast (7 damage)
             ... on level 5 of the Dungeon.
             The game lasted 00:13:41 (6555 turns).

Phaedo the Covert (Octopode Delver)                 Turns: 6555, Time: 00:13:41

Health: -4/52      AC:  1    Str: 11    XL:     8   Next: 27%
Magic:  10/10      EV: 16    Int: 14    God:    Nemelex Xobeh [*.....]
Gold:   279        SH:  0    Dex: 14    Spells: 7/7 levels left

rFire    . . .     SeeInvis .   a - +1 spear
rCold    . . .     Faith    .   (no shield)
rNeg     . . .     Spirit   .   (helmet restricted)
rPois    .         Reflect  .   (no amulet)
rElec    .         Harm     .   (no ring)
rCorr    .         Rampage  .   (no ring)
Will     .....                  (no ring)
Stlth    +++.......             (no ring)
HPRegen  0.17/turn              (no ring)
MPRegen  0.12/turn              (no ring)
                                (no ring)
                                (no ring)

@: confused
A: almost no armour, stealthy swim, amphibious, 8 rings, constrict 8, camouflage
1, gelatinous body 1
a: Renounce Religion, Draw Escape, Draw Destruction, Draw Summoning


You were on level 5 of the Dungeon.
You worshipped Nemelex Xobeh.
Nemelex Xobeh was aware of your devotion.
You visited 1 branch of the dungeon, and saw 5 of its levels.

You collected 279 gold pieces.

Inventory:

Hand Weapons
 a - a +1 spear (weapon)
 m - a +0 hunting sling of flaming
Missiles
 f - 96 arrows
 g - 8 sling bullets
 i - 21 boomerangs (quivered)
 s - 227 stones
Jewellery
 v - a cursed ring of attention {unknown}
 y - a +6 ring of strength {unknown}
 D - a +6 ring of dexterity {unknown}
Scrolls
 b - 2 scrolls of fog
 c - 3 scrolls of magic mapping
 d - 5 scrolls of fear
 k - a scroll of enchant armour {unknown}
 l - a scroll of teleportation {unknown}
 o - 3 scrolls of amnesia
 t - a scroll of immolation {unknown}
 w - 2 scrolls of enchant weapon
 A - a scroll of remove curse {unknown}
Potions
 h - a potion of brilliance {unknown}
 j - 2 potions of curing
 n - a potion of degeneration {unknown}
 p - a potion of resistance {unknown}
 q - 2 potions of haste
 r - a potion of cancellation {unknown}
 u - 2 potions of flight
 x - 2 potions of might
 z - 2 potions of lignification
 B - a potion of invisibility {unknown}
 C - a potion of heal wounds {unknown}


   Skills:
 - Level 3.0 Fighting
 + Level 4.5 Polearms
 * Level 5.7 Dodging
 * Level 10.1 Stealth
 + Level 3.4 Invocations


You had 7 spell levels left.
You didn't know any spells.
Your spell library was empty.

Dungeon Overview and Level Annotations

Branches:
Dungeon (5/15)
 Temple: D:4-7

Altars:
Makhleb
Nemelex Xobeh
Okawaru
Qazlal
Uskayaw
Xom


Innate Abilities, Weirdness & Mutations

You cannot wear most types of armour.
You are very stealthy in the water. (Stealth+)
You are amphibious.
You can wear up to eight rings at the same time.
You can use your tentacles to constrict eight enemies at once.
Your skin changes colour to match your surroundings (Stealth+).
Your rubbery body absorbs attacks. (AC +1, EV +1)


Message History

The ice beast is severely wounded.
The ice beast hits you. The ice beast freezes you!
* * * LOW HITPOINT WARNING * * *
You closely miss the ice beast.
The ice beast is severely wounded.
You hit the ice beast. Your squeeze misses the ice beast.
The ice beast is almost dead.
The ice beast completely misses you.
You hit the ice beast but do no damage.
The ice beast is almost dead.
The ice beast hits you.
* * * LOW HITPOINT WARNING * * *
The ice beast freezes you!
* * * LOW HITPOINT WARNING * * *
You are confused.
You feel invigorated. The ice beast hits you.
* * * LOW HITPOINT WARNING * * *
The ice beast freezes you!
You die...
Your body disappears without a glow.

###.######.#######
#......##.........
########.#.##.##..######.
...>.......#...#..####
######.....#.........#
##...........##.#
##.#######.## # #.#
#........ #@# #####.###
#Y# ... ..... .......
......... +...>.....+
#.........#


You could see an ice beast.

Vanquished Creatures
  Pikel (D:4)
  An ogre (D:4)
  4 lemures
  A bullfrog (D:4)
  A gnoll shaman (D:4)
  A hound (D:4)
  2 orc wizards
  A bullfrog skeleton (D:4)
  Terence (D:3)
  Natasha (thrice) (D:3 D:2)
  Robin (D:2)
  5 gnolls (D:4)
  9 adders
  An ooze (D:3)
  3 worms
  3 dart slugs
  A leopard gecko (D:2)
  14 orcs
  2 ball pythons (D:2)
  A bat (D:3)
  4 giant cockroaches
  11 goblins (D:2)
  8 hobgoblins
  5 kobolds
  2 quokkas
  5 frilled lizards
  2 leopard gecko skeletons (D:4)
  12 rats
105 creatures vanquished.

Notes
Turn   | Place    | Note
-------+----------+-------------------------------------------
     0 | D:5      | Phaedo the Octopode Delver began the quest for the Orb.
     0 | D:5      | Reached XP level 1. HP: 16/16 MP: 1/1
    23 | D:4      | Found a stormy altar of Qazlal.
    26 | D:4      | Noticed a bullfrog
    68 | D:4      | Found an iron altar of Okawaru.
    88 | D:5      | Noticed a phantom
   128 | D:4      | Noticed an ogre
   131 | D:4      | Noticed Pikel
   135 | D:3      | Found a burning altar of Makhleb.
   159 | D:3      | Noticed Natasha
   206 | D:2      | Reached XP level 2. HP: 21/21 MP: 2/2
   521 | D:2      | Reached skill level 7 in Stealth
   588 | D:1      | Reached XP level 3. HP: 26/26 MP: 3/3
  1153 | D:2      | Noticed Robin
  1621 | D:2      | Reached XP level 4. HP: 31/31 MP: 4/4
  1885 | D:2      | Found a hide-covered altar of Uskayaw.
  1892 | D:2      | Found a burning altar of Makhleb.
  1902 | D:2      | Found a sparkling altar of Nemelex Xobeh.
  1907 | D:2      | Became a worshipper of Nemelex Xobeh the Trickster
  2017 | D:2      | Found a shimmering altar of Xom.
  2037 | D:2      | Found a shimmering altar of Xom.
  2047 | D:2      | Found a shimmering altar of Xom.
  2475 | D:2      | Killed Robin
  2673 | D:3      | Reached XP level 5. HP: 36/36 MP: 5/5
  2771 | D:3      | Reached * piety under Nemelex Xobeh
  2794 | D:3      | Killed Natasha
  2795 | D:3      | Reached skill level 1 in Invocations
  2964 | D:3      | Noticed Natasha
  2983 | D:2      | Killed Natasha
  2984 | D:2      | Reached skill level 8 in Stealth
  3264 | D:2      | Found a shimmering altar of Xom.
  3267 | D:2      | Found a shimmering altar of Xom.
  3269 | D:2      | Found a shimmering altar of Xom.
  3336 | D:2      | Noticed Natasha
  3340 | D:2      | Killed Natasha
  3390 | D:2      | Found a hide-covered altar of Uskayaw.
  3398 | D:2      | Found a burning altar of Makhleb.
  3403 | D:2      | Found a sparkling altar of Nemelex Xobeh.
  4285 | D:3      | Received a gift from Nemelex Xobeh
  4304 | D:3      | Noticed Terence
  4307 | D:3      | Killed Terence
  4308 | D:3      | Reached XP level 6. HP: 42/42 MP: 7/7
  4733 | D:4      | Reached XP level 7. HP: 20/46 MP: 8/8
  5571 | D:4      | Reached skill level 9 in Stealth
  6224 | D:4      | Killed Pikel
  6225 | D:4      | Reached skill level 5 in Dodging
  6225 | D:4      | Reached skill level 10 in Stealth
  6225 | D:4      | Reached XP level 8. HP: 52/52 MP: 8/10
  6554 | D:5      | HP: 1/52 [ice beast (9)]
  6555 | D:5      | Slain by an ice beast

Illustrated notes

Levels and vault maps discovered:
D:1:      saegor_arrival_simple_b, layout_basic, palyth_stone_intersect,
          nrook_mini_vaults
D:2:      layout_basic, xom_redecorated, minitemple, minmay_heptomino_l4,
          uniq_robin
D:3:      layout_rooms, minmay_fountain_box, chequers_serial_rivers_room_b,
          st_stairs_11, bloody_makhleb, uniq_natasha, uniq_terence
D:4:      layout_basic, lemuel_crystal_altar, nicolae_overflow_hidden_temple,
          uniq_pikel
D:5:      layout_loops_corners, enter_ossuary_1, minmay_misc_feat_roman,
          small_statue_intersection, uniq_eustachio, uniq_grinder, uniq_ijyb

Skill      XL: |  1  2  3  4  5  6  7 |
---------------+----------------------+-----
Stealth        | 7 8 10 | 10.1
Dodging        | 3 4 5 |  5.7
Polearms       | 3 4 |  4.5
Invocations    | 1 2 3 |  3.4
Fighting       | |  3.0

Action                   |  1- 3 |  4- 6 |  7- 9 || total
-------------------------+-------+-------+-------++-------
Melee: Spear             |    55 |   156 |    89 ||   300
       Tentacles         |    13 |    30 |    11 ||    54
       Constrict         |     9 |    33 |    12 ||    54
Throw: Boomerang         |    19 |    13 |    16 ||    48
Invok: Draw Destruction  |       |     1 |     6 ||     7
Evoke: Wand              |     3 |       |       ||     3
  Use: Potion            |     1 |       |     1 ||     2
       Scroll            |       |     5 |     2 ||     7
 Stab: Sleeping          |     7 |    16 |       ||    23
       Distracted        |     1 |     1 |       ||     2
Armor: Skin              |     1 |     2 |       ||     3
Dodge: Dodged            |    21 |    71 |    40 ||   132
